 Dungeon Crawl Stone Soup version 0.22.1-2-g9c5b331 (webtiles) character file.

293 shakethe the Skirmisher (level 6, 0/41 HPs)
             Began as a Gargoyle Gladiator on Nov 19, 2018.
             Slain by an ogre
             ... wielding a +0 giant club
              (20 damage)
             ... on level 4 of the Dungeon.
             The game lasted 00:05:01 (3200 turns).

shakethe the Skirmisher (Gargoyle Gladiator)        Turns: 3200, Time: 00:05:01

Health: 0/41       AC:  9    Str: 17    XL:     6   Next: 33%
Magic:  6/6        EV: 12    Int: 11    God:
Gold:   160        SH:  0    Dex: 11    Spells: 5/5 levels left

rFire    . . .     SeeInvis .   a - +0 flail
rCold    . . .     Gourm    .   (no shield)
rNeg     + . .     Faith    .   b - +0 leather armour
rPois    ∞         Spirit   .   c - +0 helmet
rElec    +         Reflect  .   i - scarf {repulsion}
rCorr    .         Harm     .   r - +0 pair of gloves
MR       .....                  (no boots)
Stlth    +.........             (no amulet)
HPRegen  0.13/turn              (no ring)
MPRegen  0.10/turn              (no ring)

@: repel missiles
A: negative energy resistance 1, electricity resistance, unbreathing,
petrification resistance, rot immunity, AC +4
a: no special abilities


You were on level 4 of the Dungeon.
You were hungry.

You visited 1 branch of the dungeon, and saw 4 of its levels.

You collected 160 gold pieces.

Inventory:

Hand Weapons
 a - a +0 flail (weapon)
 e - a +1 hand axe of chopping
Missiles
 d - 4 throwing nets (quivered)
 k - 105 stones
Armour
 b - a +0 leather armour (worn)
 c - a +0 helmet (worn)
 i - a scarf of repulsion (worn)
 q - a +0 chain mail
 r - a +0 pair of gloves (worn)
Wands
 p - a wand of random effects (21)
Scrolls
 g - a scroll of fear
 l - a scroll of amnesia {unknown}
 m - 4 scrolls of teleportation
 n - a scroll of identify
 s - a scroll of noise {unknown}
 t - a scroll of enchant armour {unknown}
Potions
 h - 2 potions of curing
 j - 3 potions of might
 o - a potion of haste {unknown}
Comestibles
 f - 5 rations


   Skills:
 * Level 5.9 Fighting
 + Level 4.6 Maces & Flails
 - Level 1.7 Throwing
 - Level 2.4 Dodging


You had 5 spell levels left.
You didn't know any spells.
Your spell library was empty.

Dungeon Overview and Level Annotations

Branches:
Dungeon (4/15)
 Temple: D:4-7

Altars:
Nemelex Xobeh

Annotations:
D:4 1 runed door


Innate Abilities, Weirdness & Mutations

You are resistant to torment.
Your stone body is resilient. (AC +4)
You are immune to poison.
You resist negative energy. (rN+)
You are resistant to electric shocks. (rElec)
You can survive without breathing.
You are immune to petrification.
You are immune to rotting.


Message History

You see here a mace.
Found a stone staircase leading up.
No target in view!
No target in view!
No target in view!
No target in view!
An ogre comes into view. It is wielding a giant club.
Found 20 stones.
A leopard gecko comes into view.
The ogre hits you with a giant club!!
Ouch! That really hurt!
You are too injured to fight recklessly!
You are too injured to fight recklessly!
You are too injured to fight recklessly!
There are monsters nearby!
Unknown command.
You hit the ogre.
The ogre is moderately wounded.
The ogre hits you with a giant club!!
You die...

.# #.#
#..........##♣♣♣♣♣
.# #.#
###.#.###.##
.......
.#.###.########
..###.#
#............. ###
### #....#########
#..####.###
..........#
..<####.#.# #@#.#
......O.....#
......#.#.#.#
......#.#.#+.
..... #.#.( ..
..... ..#... .8
#### ### .. ..l


You could see an ogre and a leopard gecko (sleeping).

Vanquished Creatures
  2 howler monkeys
  An orc wizard (D:3)
  A hound (D:4)
  An iguana (D:3)
  A hound skeleton (D:4)
  2 adders
  2 oozes (D:2)
  2 worms
  2 dart slugs
  2 leopard geckos
  5 orcs (D:3)
  8 bats
  3 giant cockroaches
  12 goblins
  9 hobgoblins
  2 jackals (D:3)
  A quokka (D:3)
  A ball python (D:3)
  4 frilled lizards
  7 kobolds
  A leopard gecko skeleton (D:4)
  9 rats
78 creatures vanquished.

Notes
Turn   | Place    | Note
-------+----------+-------------------------------------------
     0 | D:1      | shakethe the Gargoyle Gladiator began the quest for the
                  | Orb.
     0 | D:1      | Reached XP level 1. HP: 12/12 MP: 1/1
    93 | D:1      | Reached XP level 2. HP: 16/18 MP: 2/2
   180 | D:1      | Reached skill level 3 in Fighting
   672 | D:1      | Reached XP level 3. HP: 23/23 MP: 3/3
  1291 | D:2      | Reached skill level 4 in Fighting
  1291 | D:2      | Reached XP level 4. HP: 30/30 MP: 4/4
  1886 | D:3      | Reached XP level 5. HP: 23/34 MP: 5/5
  2345 | D:3      | Reached skill level 5 in Fighting
  2579 | D:3      | Found a sparkling altar of Nemelex Xobeh.
  2820 | D:3      | Reached XP level 6. HP: 39/41 MP: 6/6
  3177 | D:4      | Found a runed door.
  3200 | D:4      | Slain by an ogre

Skill      XL: |  1  2  3  4  5 |
---------------+----------------+-----
Fighting       | 3 4 5 |  5.9
Maces & Flails | 4 |  4.6
Throwing       | |  1.7
Dodging        | |  2.4

Action                   |  1- 3 |  4- 6 || total
-------------------------+-------+-------++-------
Melee: Hand axe          |   108 |    39 ||   147
       Flail             |       |   100 ||   100
  Use: Scroll            |       |     6 ||     6
  Eat: Chunk             |     1 |     6 ||     7
Armor: Leather armour    |    52 |    43 ||    95
Dodge: Dodged            |    76 |    83 ||   159
       Deflected         |     1 |     4 ||     5
